 Dungeon Crawl Stone Soup version 0.18-a0-731-ga019a5f (webtiles) character file.

65 Hedron the Ogre Mage (level 4, -1/39 HPs)
             Began as an Ogre Wizard on Dec 9, 2015.
             Slain by a shadow imp (3 damage)
             ... on level 5 of the Dungeon.
             The game lasted 00:09:00 (2872 turns).

Hedron the Ogre Mage (Ogre Wizard)                  Turns: 2872, Time: 00:09:03

Health: -1/39      AC: -1    Str: 12    XL:     4   Next: 13%
Magic:  4/10       EV:  9    Int: 18    God:
Gold:   111        SH:  0    Dex:  8    Spells: 5 memorised, 3 levels left

rFire  + . .     SeeInvis .     j - +0 mace
rCold  + . .     Clarity  .     a - +0 robe
rNeg   . . .     SustAt   .     (no shield)
rPois  +         Gourm    .     b - +0 hat
rElec  +         Spirit   .     (no cloak)
rCorr  +         Dismiss  +     (gloves unavailable)
rMut   .         Stasis   .     (boots unavailable)
MR     .....                    q - amulet of dismissal
Stlth  +.........               (no ring)
                                (no ring)

@: resistant, corroded equipment, not resistant to hostile enchantments, very
unstealthy
A: unfitting armour, tough skin 1
a: no special abilities


You were on level 5 of the Dungeon.
You were not hungry.

You visited 1 branch of the dungeon, and saw 5 of its levels.

You collected 111 gold pieces.

Inventory:

Hand Weapons
 j - a +0 mace (weapon)
Armour
 a - a +0 robe (worn)
 b - a +0 hat (worn)
Jewellery
 q - an amulet of dismissal (around neck)
Scrolls
 h - 4 scrolls of remove curse
 t - a scroll of enchant weapon {unknown}
Potions
 e - 2 potions of magic
 g - a potion of cancellation
 k - a potion of flight {unknown}
 l - a potion of degeneration {unknown}
 o - a potion of mutation {unknown}
 p - a potion of curing {unknown}
Books
 c - a book of Minor Magic

   Spells                             Type                      Level
   a - Magic Dart                     Conjuration                  1
   b - Blink                          Translocation                2
   c - Call Imp                       Summoning                    2
   d - Repel Missiles                 Charms/Air                   2
   e - Slow                           Hexes                        2
   f - Conjure Flame                  Conjuration/Fire             3
   g - Mephitic Cloud                 Conjuration/Poison/Air       3
Comestibles
 d - 2 bread rations
 f - 2 meat rations
 m - 5 chunks of flesh
 r - 2 slices of pizza
 s - a beef jerky


   Skills:
 + Level 3.0 Maces & Flails
 - Level 1.7 Dodging
 - Level 1.5 Stealth
 + Level 4.8 Spellcasting
 - Level 0.6 Conjurations
 - Level 0.6 Summonings
 - Level 0.6 Translocations


You had 3 spell levels left.
You knew the following spells:

 Your Spells              Type           Power        Failure   Level  Hunger
a - Magic Dart            Conj           #...         12%         1    None
b - Blink                 Tloc           N/A          17%         2    #......
c - Call Imp              Summ           #.......     17%         2    #......
d - Repel Missiles        Chrm/Air       #.....       21%         2    #......
e - Slow                  Hex            #.......     21%         2    #......


Dungeon Overview and Level Annotations

Branches:
Dungeon (6/15)
 Temple: D:4-7

Altars:


Innate Abilities, Weirdness & Mutations

You are too large for most types of armour.
You have tough skin (AC +1).


Message History

The orc hits your crimson imp.
Your crimson imp blinks!
Drink which item? (? for menu, Esc to quit)
It was a potion of resistance.
You feel protected. The jelly hits you.
* * * LOW HITPOINT WARNING * * *
You are splashed with acid!
The acid burns!
You resist.
* * * LOW HITPOINT WARNING * * *
Your white imp hits the jelly.
Your white imp freezes the jelly.
Your white imp is burned by acid!
The orc hits your white imp.
Casting: Call Imp
Confirm with . or Enter, or press ? or * to list all spells.
You blink.
A worker ant comes into view.
The jelly hits your white imp but does no damage.
The quokka barely misses your crimson imp.
The shadow imp hits you.
You die...

....[...#
........#
........#
........#
.....a..#
........#
........#
5..r5.o@#
......o5#
.####...#
##oo#
#5.# #J§#
####


You could see a jelly, a worker ant, an orc priest, 2 shadow imps, 3 orcs, a
quokka, a friendly crimson imp and a friendly white imp.

Vanquished Creatures
  An adder (D:2)
  A ball python (D:2)
  5 giant cockroaches
  6 goblins
  4 hobgoblins
  2 quokkas (D:2)
  6 bats
  4 kobolds
  2 rats (D:2)
31 creatures vanquished.

Vanquished Creatures (collateral kills)
  3 adders (D:2)
  An ooze (D:2)
  A worm (D:2)
  An orc (D:5)
  A giant cockroach (D:2)
  A hobgoblin (D:2)
  2 jackals (D:2)
10 creatures vanquished.

Grand Total: 41 creatures vanquished

Notes
Turn   | Place    | Note
--------------------------------------------------------------
     0 | D:1      | Hedron the Ogre Wizard began the quest for the Orb.
     0 | D:1      | Reached XP level 1. HP: 16/16 MP: 5/5
   228 | D:1      | Reached skill level 1 in Maces & Flails
   228 | D:1      | Reached skill level 4 in Spellcasting
   228 | D:1      | Reached XP level 2. HP: 24/24 MP: 0/7
   396 | D:1      | Learned a level 2 spell: Blink
   399 | D:1      | Learned a level 2 spell: Call Imp
   402 | D:1      | Learned a level 2 spell: Repel Missiles
   405 | D:1      | Learned a level 2 spell: Slow
  1686 | D:2      | Reached XP level 3. HP: 31/31 MP: 4/8
  2472 | D:2      | Reached XP level 4. HP: 39/39 MP: 6/10
  2853 | D:3      | You fall through a shaft for 3 floors!
  2861 | D:6      | Noticed a giant frog
  2866 | D:5      | Entered Level 5 of the Dungeon
  2872 | D:5      | Slain by a shadow imp

Vault maps used:
D:1:      matt_arrival_grand_opening
D:3:      first_bread
D:5:      amethyst_overflow_temple_binary, nicolae_overflow_hidden_temple,
          nicolae_ru_the_path_less_chosen
D:6:      wad_river_or_something, serial_shops, shop, nicolae_shop_waterfront,
          kennysheep_mini_moat, shop, uniq_sigmund

Action                   |  1- 3 |  4- 6 || total
-------------------------+-------+-------++-------
Melee: Mace              |    16 |     3 ||    19
 Cast: Magic Dart        |    79 |     7 ||    86
       Call Imp          |     8 |     5 ||    13
       Repel Missiles    |     3 |       ||     3
       Blink             |     1 |     1 ||     2
  Use: Scroll            |     2 |     2 ||     4
       Potion            |     1 |     2 ||     3
 Stab: Distracted        |     1 |       ||     1
  Eat: Chunk             |     5 |     1 ||     6
